 Dungeon Crawl Stone Soup version 0.29-a0-459-g97dee8cd24 (webtiles) character file.

Game seed: 15334948313072951187

84 soylentgreeen202 the Slasher (level 4, -5/40 HPs)
             Began as a Minotaur Chaos Knight on May 20, 2022.
             Was a Plaything of Xom.
             Slain by Sigmund
             ... wielding a +0 scythe
              (10 damage)
             ... on level 3 of the Dungeon on May 21, 2022.
             The game lasted 00:08:56 (1954 turns).

soylentgreeen202 the Slasher (MiCK)                 Turns: 1954, Time: 00:08:57

Health: -5/40      AC:  5    Str: 18    XL:     4   Next: 23%
Magic:  0/3        EV: 12    Int:  9    God:    Xom [..*...]
Gold:   90         SH:  0    Dex: 16    Spells: 3/3 levels left

rFire   . . .      SeeInvis .   a - +0 falchion (chaos)
rCold   . . .      Faith    .   (no shield)
rNeg    . . .      Spirit   +   b - +2 leather armour
rPois   .          Reflect  .   (helmet restricted)
rElec   .          Harm     .   (no cloak)
rCorr   .          Rampage  .   (no gloves)
Will    .....                   (no boots)
Stlth   +.........              d - amulet of guardian spirit
HPRegen 0.13/turn               o - +6 ring of dexterity
MPRegen 0.08/turn               (no ring)

@: attractive
A: horns 2, retaliatory headbutt
a: Renounce Religion


You were on level 3 of the Dungeon.
You worshipped Xom.
You were a toy of Xom.
You visited 1 branch of the dungeon, and saw 3 of its levels.

You collected 90 gold pieces.

Inventory:

Hand Weapons
 a - a +0 falchion of chaos (weapon)
Missiles
 f - 30 stones
Armour
 b - a +2 leather armour (worn)
Jewellery
 d - an amulet of guardian spirit (around neck)
 k - an amulet of faith
 o - a +6 ring of dexterity (left hand)
Scrolls
 e - a scroll of torment {unknown}
 g - a scroll of amnesia {unknown}
 h - 4 scrolls of identify {unknown}
 m - a scroll of enchant weapon {unknown}
 n - a scroll of silence {unknown}
Potions
 j - a potion of magic {unknown}
 l - 2 potions of mutation {unknown}
Miscellaneous
 c - a piece from Xom's chessboard (14/15) (quivered)


   Skills:
 - Level 4.2 Fighting
 + Level 4.9 Long Blades
 - Level 3.1 Armour
 - Level 2.1 Dodging


You had 3 spell levels left.
You didn't know any spells.
Your spell library contained the following spells:

 Spells                   Type           Power      Damage    Failure   Level
 Sublimation of Blood     Necr           0%         N/A       58%         2
 Wereblood                Tmut           0%         N/A       58%         2
 Summon Hydra             Summ           0%         N/A       100%        7


Dungeon Overview and Level Annotations

Branches:
Dungeon (3/15)

Altars:

Annotations:
D:3 Sigmund


Innate Abilities, Weirdness & Mutations

You have a pair of horns on your head.
You reflexively headbutt those who attack you in melee.


Message History

Deactivating autopickup; reactivate with Ctrl-A.
Something is attracted toward you.
Okay, then.
A gnoll comes into view. It is wielding a +0 club.
A kobold comes into view. It is wielding a +0 club.
Something hits you. Something is attracted toward you.
The kobold is attracted toward you. The gnoll is attracted toward you.
You closely miss something.
The kobold shouts!
The gnoll shouts!
Your headbutt misses something.
The kobold throws a stone.
The stone closely misses you. Something hits you!
The kobold is attracted toward you. The gnoll is attracted toward you.
You hit something. You burn something.
A gnoll comes into view. It is wielding a +0 spear.
The kobold hits you with a +0 club. The gnoll is attracted toward you.
You miss something. The kobold hits you but does no damage. Something hits you.
The kobold closely misses you. The gnoll hits you with a +0 club.
The gnoll is attracted toward you.
You closely miss something.
The gnoll shouts!
Your headbutt misses something. Something hits you.
The gnoll closely misses you. The kobold closely misses you.
You hit something but do no damage.
Nothing appears to happen.
The gnoll closely misses you. The kobold misses you.
Something hits you but does no damage. The gnoll misses you.
You furiously retaliate!
You headbutt the gnoll! You hit something. You burn something.
The gnoll barely misses you.
The gnoll hits you from afar with a +0 spear.
The kobold hits you with a +0 club.
You miss something. You headbutt something. Something hits you.
The gnoll hits you from afar with a +0 spear!
* * * LOW HITPOINT WARNING * * *
The kobold closely misses you. You furiously retaliate!
You headbutt the kobold!
You kill the kobold!
The gnoll barely misses you. You furiously retaliate!
You headbutt the gnoll!
You kill the gnoll!
Your piece from Xom's chessboard (14/15) has regained one charge.
Something hits you!
You die...

########## #
#..@.....# ##
#........# #.
#..g.)...# #.
#........# #.
..!.......#
#.
............#
...
.###........#
..###
.......... ##
#
##..........


You could see a gnoll.

Vanquished Creatures
  A gnoll (D:3)
  2 adders (D:2)
  2 worms (D:2)
  3 dart slugs
  7 bats
  5 endoplasms
  A giant cockroach (D:2)
  3 goblins (D:1)
  3 hobgoblins
  2 jackals (D:1)
  5 ball pythons
  2 frilled lizards
  5 kobolds
  4 rats
45 creatures vanquished.

Notes
Turn   | Place    | Note
-------+----------+-------------------------------------------
     0 | D:1      | soylentgreeen202 the Minotaur Chaos Knight began the quest
                  | for the Orb.
     0 | D:1      | Reached XP level 1. HP: 19/19 MP: 0/0
   134 | D:1      | Reached XP level 2. HP: 27/27 MP: 1/1
   647 | D:1      | Reached XP level 3. HP: 33/33 MP: 2/2
  1306 | D:2      | XOM: divination: detect items
  1316 | D:2      | XOM: silly message
  1433 | D:2      | XOM: silly message
  1583 | D:1      | XOM: silly message
  1769 | D:2      | Reached XP level 4. HP: 40/40 MP: 3/3
  1816 | D:2      | XOM: divination: detect items
  1944 | D:3      | Noticed Sigmund
  1945 | D:3      | XOM: silly message
  1954 | D:3      | Slain by Sigmund

Illustrated notes

Levels and vault maps discovered:
D:1:      lemuel_arrival_hallway, layout_loops_cross
D:2:      layout_rooms
D:3:      layout_rooms, uniq_sigmund

Skill      XL: |  1  2  3 |
---------------+----------+-----
Long Blades    | 4 |  4.9
Fighting       | 4 |  4.2
Armour         | 3 |  3.1
Dodging        | 2 |  2.1

Action                   |  1- 3 |  4- 6 || total
-------------------------+-------+-------++-------
Melee: Falchion          |    83 |     8 ||    91
       Headbutt          |    10 |     2 ||    12
Evoke: Piece from Xom's  |     2 |       ||     2
  Use: Potion            |       |     1 ||     1
Armor: Leather armour    |    21 |     3 ||    24
Dodge: Dodged            |    49 |    10 ||    59

Table legend: (Time is in decaauts)
 A = Elapsed time spent in this place.
 B = Non-inter-level travel time spent in this place.
 C = Inter-level travel time spent in this place.
 D = Time resting spent in this place.
 E = Time spent auto-exploring this place.
 F = Levels seen in this place.
 G = Mean time per level.
                   A        B        C        D        E       F      G
               +--------+--------+--------+--------+--------+-----+--------+
         Total |   1964 |   1884 |     80 |    610 |    650 |   3 |  654.7 |
       Dungeon |   1964 |   1884 |     80 |    610 |    650 |   3 |  654.7 |
               +--------+--------+--------+--------+--------+-----+--------+

Top non-repeatable levels by time:
     D:1: 1269 daAuts
     D:2: 672 daAuts
     D:3: 23 daAuts
